Map: Lerilak Crest

Players

praeLudium - Winner!

  • Race: Zerg Zerg

HypnoticFury

  • Race: Terran Terran
  • League: Bronze

VOD

Have the link to the VOD?

Description

Time

  • Played on: Dec. 4, 2015, 12:07 p.m.
  • Length: 16:13
Show
View Real Time Build Order
Export as new Build Order

praeLudium Zerg - Winner!

Build Orders: Hatch First, Lurkers 

Get SALT Encoding   

  12  0:01  Drone  
  13  0:15  Overlord  
  13  0:22  Drone  
  14  0:37  Drone  
  15  0:48  Hatchery  
  14  1:02  Extractor  
  13  1:08  Spawning Pool  
  13  1:09  Drone  
  13  1:14  Drone  
  14  1:19  Drone  
  15  1:28  Drone  
  16  1:44  Overlord  
  16  1:45  Drone  
  17  1:55  Queen  
  19  2:04  Zergling x4  
  21  2:10  Metabolic Boost  
  21  2:15  Drone x2  
  23  2:30  Queen  
  25  2:39  Drone x2  
  25  2:40  Drone  
  25  2:42  Drone  
  29  2:53  Overlord  
  29  3:21  Overlord x2  
  28  3:30  Extractor x2  
  28  3:32  Lair, Extractor  
  25  3:42  Queen  
  25  3:45  Drone x3  
  25  3:46  Drone x2, Zergling x2  
  25  3:47  Zergling x8  
  37  4:04  Roach Warren  
  37  4:07  Drone  
  37  4:08  Drone x2  
  39  4:31  Overlord x2  
  39  4:54  Hatchery, Drone x5  
  41  5:25  Roach  
  41  5:26  Roach x6  
  54  5:32  Glial Reconstitution  
  52  5:37  Drone x3  
  54  6:03  Drone x3  
  54  6:04  Drone x3  
  60  6:06  Overlord x2  
  60  6:13  Evolution Chamber  
  60  6:14  Evolution Chamber, Overlord  
  58  6:29  Spore Crawler  
  58  6:31  Drone x3  
  58  6:32  Drone x2  
  62  6:36  Spine Crawler  
  62  6:37  Spore Crawler  
  60  6:41  Drone, Spine Crawler  
  60  6:52  Drone x4  
  64  6:57  Drone  
  65  7:16  Zerg Missile Weapons Level 1, Zerg Ground Armor Level 1  
  65  7:28  Drone  
  65  7:29  Drone x9  
  75  7:30  Roach  
  75  7:31  Roach x2  
  75  7:32  Hydralisk Den  
  80  7:45  Pneumatized Carapace  
  80  8:01  Roach x12  
  104  8:05  Muscular Augments  
  104  8:12  Drone  
  105  8:14  Overlord x3  
  105  8:33  Overlord x2  
  105  8:35  Drone  
  106  8:49  Hatchery  
  103  8:58  Drone x4  
  103  8:59  Drone  
  108  9:04  Extractor  
  108  9:08  Extractor  
  106  9:12  Zerg Ground Armor Level 2, Zerg Missile Weapons Level 2  
  106  9:21  Lurker Den, Infestation Pit  
  105  9:26  Ravager x10  
  105  9:27  Ravager x9  
  124  9:32  Spine Crawler  
  124  9:35  Spine Crawler x2  
  124  9:36  Spine Crawler  
  120  9:51  Drone x5  
  120  9:52  Drone x4  
  129  9:54  Overlord x3  
  129  9:55  Overlord x2  
  129  9:58  Hive  
  129  9:59  Tunneling Claws  
  129  10:02  Burrow  
  129  10:26  Hydralisk  
  129  10:27  Hydralisk x9  
  149  10:31  Extractor  
  149  10:35  Extractor  
  147  10:36  Drone x4  
  147  10:37  Drone x4  
  155  10:43  Spore Crawler, Spine Crawler  
  155  10:48  Drone  
  155  10:49  Drone  
  155  10:50  Drone  
  156  11:05  Drone  
  156  11:07  Spore Crawler  
  156  11:15  Lurker x2  
  156  11:16  Lurker x6  
  164  11:28  Drone x2  
  166  11:36  Overlord x2  
  166  11:39  Zerg Ground Armor Level 3, Zerg Missile Weapons Level 3  
  166  11:45  Zergling x8  
  166  11:46  Zergling x30  
  185  11:56  Overseer  
  185  12:16  Hydralisk x7  
  185  12:17  Spire  
  179  13:11  Pathogen Glands  
  179  13:12  Hatchery  
  178  13:14  Infestor x5  
  178  13:15  Infestor x4  
  196  13:39  Extractor  
  195  13:44  Extractor  
  169  15:53  Zergling x14  
  169  15:54  Zergling x48  
Show
View Real Time Build Order
Export as new Build Order

HypnoticFury Terran 

Build Orders:  

Get SALT Encoding   

  12  0:01  SCV  
  13  0:13  SCV  
  14  0:19  Supply Depot  
  14  0:31  SCV  
  15  0:44  SCV  
  15  0:49  Barracks  
  16  0:56  SCV  
  17  1:04  Refinery  
  17  1:08  SCV  
  18  1:20  SCV  
  19  1:32  SCV  
  20  1:38  Marine  
  21  1:45  Supply Depot  
  21  1:47  SCV  
  22  1:56  Marine  
  23  2:06  SCV  
  24  2:34  Orbital Command  
  24  2:41  Command Center  
  24  2:42  Marine  
  25  3:10  SCV, Factory  
  25  3:22  SCV  
  25  3:24  Barracks Reactor  
  27  3:34  SCV  
  27  3:46  SCV, Supply Depot  
  28  3:58  SCV  
  28  3:59  Barracks  
  29  4:03  Marine  
  29  4:04  Marine  
  29  4:06  Factory Reactor  
  29  4:09  Supply Depot  
  31  4:15  Starport  
  31  4:21  Marine  
  32  4:28  Orbital Command  
  28  4:47  Barracks  
  28  4:51  Marine x2  
  30  5:09  Marine  
  21  5:45  Marine  
  21  5:46  Marine  
  21  5:48  Hellion x2  
  27  5:55  Medivac  
  29  6:03  Marine  
  30  6:23  Command Center  
  30  6:25  Medivac  
  32  6:37  Barracks Reactor  
  32  6:40  Barracks Tech Lab  
  32  6:44  Marine x2  
  34  6:51  Hellion  
  34  6:52  Hellion  
  38  6:55  Medivac  
  38  7:01  Refinery  
  40  7:02  Marine  
  41  7:11  Barracks  
  41  7:29  Marine x3  
  44  7:48  Marauder  
  44  7:50  Supply Depot  
  46  7:59  Barracks, Orbital Command  
  46  8:05  Marine x2  
  48  8:09  Factory Tech Lab, Marauder  
  48  8:12  Medivac  
  52  8:20  Refinery  
  52  8:23  Marine  
  52  8:25  Engineering Bay  
  53  8:46  Refinery  
  53  8:54  Stimpack  
  53  9:02  Marine x2  
  54  9:03  Marine  
  56  9:15  SCV  
  57  9:20  Marine  
  57  9:21  Marauder  
  60  9:24  Marine  
  60  9:26  Siege Tank  
  60  9:27  SCV  
  65  9:38  Supply Depot, Marine  
  66  9:39  SCV  
  66  9:44  Infernal Pre-Igniter  
  67  10:00  Supply Depot  
  67  10:03  Marine x2  
  67  10:04  Marine  
  70  10:09  Siege Tank  
  73  10:21  Marine x3  
  76  10:33  Command Center  
  76  10:39  Marine  
  76  10:40  Marine x2  
  79  10:57  Marine  
  79  10:58  Marauder  
  82  11:05  SCV x2  
  82  11:10  Marine  
  85  11:17  SCV  
  86  11:30  Supply Depot  
  86  11:34  Terran Infantry Weapons Level 1  
  86  11:44  SCV  
  87  11:47  Orbital Command  
  87  11:55  SCV  
  87  11:56  SCV  
  89  12:03  Siege Tank  
  92  12:10  Medivac  
  94  12:20  SCV x3  
  95  12:35  Siege Tank  
  98  12:41  Supply Depot  
  98  12:53  Marine x3  
  98  12:58  Medivac x2  
  105  13:04  Supply Depot  
  105  13:08  Siege Tank  
  105  13:11  Marine  
  109  13:28  Viking x2  
  113  13:38  Marine x3  
  113  13:40  Siege Tank  
  119  13:47  SCV x3  
  122  13:56  Marine  
  122  13:58  Viking  
  125  14:07  Supply Depot  
  125  14:16  Fusion Core  
  125  14:29  Viking  
  127  14:34  Marine x3  
  127  14:36  Siege Tank  
  133  15:02  Refinery  
  133  15:09  Marine  
  133  15:10  Supply Depot, Medivac x2  
  133  15:11  Siege Tank  
  127  15:24  Marine x2  
  127  15:27  Marine  
  130  15:29  Refinery  
  130  15:33  Supply Depot  
  130  15:40  Viking, Medivac  
  130  15:42  Marauder, Marine  
  77  15:56  Supply Depot  
Tags
 
Composition
Lurkers
League
Bronze
Matchup
TvZ
Add a new tag
Caveats
  • Supply blocks, unpowered buildings, or Contaminate may cause inaccurate times.
  • Supply counts are checked every 10 seconds.